 Dungeon Crawl Stone Soup version 0.29-a0-113-g078de9bc30 (webtiles) character file.

Game seed: 16683406886791739023

47 drugrobin the Grasshopper (level 3, 0/29 HPs)
             Began as a Demigod Warper on Feb 19, 2022.
             Slain by a bat (1 damage)
             ... on level 2 of the Dungeon.
             The game lasted 00:02:55 (1692 turns).

drugrobin the Grasshopper (Demigod Warper)          Turns: 1692, Time: 00:02:56

Health: 0/29       AC:  3    Str: 12    XL:     3   Next: 29%
Magic:  8/8        EV: 12    Int: 15    God:
Gold:   21         SH:  0    Dex: 17    Spells: 3/5 levels left

rFire   . . .      SeeInvis .   a - +0 short sword
rCold   . . .      Faith    .   (no shield)
rNeg    . . .      Spirit   .   b - +0 leather armour
rPois   .          Reflect  .   (no helmet)
rElec   .          Harm     .   (no cloak)
rCorr   .          Rampage  .   (no gloves)
Will    .....                   (no boots)
Stlth   ++........              (no amulet)
HPRegen 0.09/turn               (no ring)
MPRegen 0.11/turn               (no ring)

@: no status effects
A: high MP 1, forlorn, divine attributes
a: no special abilities


You were on level 2 of the Dungeon.
You visited 1 branch of the dungeon, and saw 2 of its levels.

You collected 21 gold pieces.

Inventory:

Hand Weapons
 a - a +0 short sword (weapon)
Missiles
 d - 5 boomerangs of dispersal
 e - 6 javelins
 i - 32 arrows
 k - 8 stones (quivered)
Armour
 b - a +0 leather armour (worn)
Magical Staves
 j - a staff of conjuration
Scrolls
 l - a scroll of torment {unknown}
Potions
 f - 6 potions of curing {unknown}
 g - 2 potions of heal wounds {unknown}
 h - a potion of magic {unknown}


   Skills:
 - Level 1.7 Fighting
 + Level 2.4 Short Blades
 - Level 0.8 Throwing
 - Level 0.8 Armour
 + Level 2.5 Dodging
 + Level 1.6 Stealth
 - Level 1.7 Spellcasting
 - Level 2.6 Translocations


You had 3 spell levels left.
You knew the following spells:

 Your Spells              Type           Power      Damage    Failure   Level
a - Blink                 Tloc           18%        N/A       14%         2

Your spell library contained the following spells:

 Spells                   Type           Power      Damage    Failure   Level
 Gell's Gravitas          Tloc           9%         N/A       28%         3
 Lesser Beckoning         Tloc           9%         N/A       28%         3
 Teleport Other           Tloc           9%         N/A       28%         3
 Manifold Assault         Tloc           9%         N/A       95%         5


Dungeon Overview and Level Annotations

Branches:
Dungeon (2/15)


Innate Abilities, Weirdness & Mutations

You have an increased reservoir of magic. (+10% MP)
You shall have no god before yourself.
Your divine heritage dramatically boosts your attributes as you level up.


Message History

You feel sick. The adder barely misses you. The bat closely misses you.
Unknown command.
You closely miss the adder.
The adder is moderately wounded.
You feel sick. The bat hits you but does no damage. The adder bites you.
You are more poisoned.
The adder poisons you!
Unknown command.
You miss the adder.
The adder is moderately wounded.
You feel sick. The bat barely misses you. The adder misses you.
The adder bites you.
* * * LOW HITPOINT WARNING * * *
Unknown command.
Unknown command.
Unknown command.
Unknown command.
Casting: Blink (safe; 14% risk of failure)
Confirm with . or Enter, or press ? or * to list all spells.
You don't know that spell.
Unknown command.
Unknown command.
Blink to where?
Press: ? - help, Dir - move target
Found 18 arrows.
As you read the scroll of blinking, it crumbles to dust.
You feel sick.
You feel sick. The bat hits you.
* * * LOW HITPOINT WARNING * * *
* * * LOW HITPOINT WARNING * * *
You feel sick.
Unknown command.
* * * LOW HITPOINT WARNING * * *
You feel sick.
You are no longer poisoned.
There is a stone staircase leading up here.
Unknown command.
Unknown command.
The bat hits you.
You die...

# ##.........ยง..#.##
#........##b.#.##
##........###...#.
######..###.w..# #.#...
#.........S#...# #.....
#..........#[..........
#...............#..)...
##.....b...b....<......#
.......@................
...................... #
>.>..............( .. #
.......###........
...#.## #.>...... #. ..
....... . ## ...... ...


You could see an adder, a dart slug and 2 bats.

Vanquished Creatures
  An adder (D:2)
  A dart slug (D:1)
  5 ball pythons
  An endoplasm (D:2)
  4 hobgoblins
  8 jackals
  2 kobolds (D:1)
  2 quokkas (D:1)
  5 bats
  A frilled lizard (D:2)
  A goblin (D:1)
  A rat (D:1)
32 creatures vanquished.

Notes
Turn   | Place    | Note
-------+----------+-------------------------------------------
     0 | D:1      | drugrobin the Demigod Warper began the quest for the Orb.
     0 | D:1      | Reached XP level 1. HP: 17/17 MP: 5/5
   415 | D:1      | Reached XP level 2. HP: 23/24 MP: 7/7
   470 | D:1      | Reached skill level 1 in Stealth
  1369 | D:1      | Learned a level 2 spell: Blink
  1414 | D:2      | Reached XP level 3. HP: 22/29 MP: 8/8
  1691 | D:2      | HP: 1/29 [poisoned by an adder]
  1692 | D:2      | Slain by a bat

Illustrated notes

Levels and vault maps discovered:
D:1:      lightli_iron_boxes, layout_basic,
          hellmonk_ecumenical_altar_inner_sanctum
D:2:      layout_rooms

Skill      XL: |  1  2 |
---------------+-------+-----
Short Blades   | 2 |  2.4
Dodging        | 2 |  2.5
Stealth        | 1 |  1.6
Fighting       | |  1.7
Throwing       | |  0.8
Armour         | |  0.8
Spellcasting   | |  1.7
Translocations | |  2.6

Action                   || total
-------------------------++-------
Melee: Short sword       ||   141
       Punch             ||     2
Throw: Stone             ||     6
  Use: Scroll            ||     1
 Stab: Sleeping          ||     1
Armor: Leather armour    ||    50
Dodge: Dodged            ||   146

Table legend: (Time is in decaauts)
 A = Elapsed time spent in this place.
 B = Non-inter-level travel time spent in this place.
 C = Inter-level travel time spent in this place.
 D = Time resting spent in this place.
 E = Time spent auto-exploring this place.
 F = Levels seen in this place.
 G = Mean time per level.
                   A        B        C        D        E       F      G
               +--------+--------+--------+--------+--------+-----+--------+
         Total |   1691 |   1656 |     35 |    710 |    588 |   2 |  845.5 |
       Dungeon |   1691 |   1656 |     35 |    710 |    588 |   2 |  845.5 |
               +--------+--------+--------+--------+--------+-----+--------+

Top non-repeatable levels by time:
     D:1: 1370 daAuts
     D:2: 320 daAuts
